 Dungeon Crawl Stone Soup version 0.28-a0-1152-g9c71ebef14 (webtiles) character file.

Game seed: 6105977498752331268

117 spaghetti the Skirmisher (level 4, 0/39 HPs)
             Began as a Demonspawn Delver on Dec 14, 2021.
             Slain by a quokka (4 damage)
             ... on level 2 of the Dungeon.
             The game lasted 00:02:09 (710 turns).

spaghetti the Skirmisher (Demonspawn Delver)         Turns: 710, Time: 00:02:09

Health: 0/39       AC:  4    Str: 15    XL:     4   Next: 71%
Magic:  4/4        EV:  8    Int: 11    God:
Gold:   12         SH:  0    Dex: 14    Spells: 3/3 levels left

rFire   . . .      SeeInvis .   a - +1 falchion {long}
rCold   . . .      Faith    .   (no shield)
rNeg    . . .      Spirit   .   b - +0 leather armour
rPois   .          Reflect  .   (no helmet)
rElec   .          Harm     .   (no cloak)
rCorr   .          Rampage  .   (no gloves)
Will    .....                   (no boots)
Stlth   ++........              (no amulet)
HPRegen 0.13/turn               (no ring)
MPRegen 0.09/turn               (no ring)

@: constricted
A: sharp scales 1
a: no special abilities


You were on level 2 of the Dungeon.
You visited 1 branch of the dungeon, and saw 4 of its levels.

You collected 12 gold pieces.


Innate Abilities, Weirdness & Mutations

You are partially covered in razor-sharp scales. (AC +1, Slay +1)


   Skills:
 + Level 5.5 Fighting
 - Level 1.7 Long Blades
 - Level 1.7 Dodging
 - Level 4.5 Stealth


You had 3 spell levels left.
You didn't know any spells.
Your spell library was empty.

Inventory:

Hand Weapons
 a - a +1 falchion (weapon) {long}
 h - a +1 antimagic dagger {short}
   (You took it off an orc on level 4 of the Dungeon)
Missiles
 e - 19 sling bullets
 j - 30 stones (quivered) {throwing}
Armour
 b - a +0 leather armour (worn)
Jewellery
 i - a ring of wizardry
   (You found it on level 3 of the Dungeon)
Wands
 g - a wand of digging (2)
Scrolls
 c - a scroll of fog
 d - a scroll of magic mapping {!r}

Dungeon Overview and Level Annotations

Branches:
Dungeon (5/15)
 Temple: D:4-7

Altars:

..... #.......
......... #.... ...
#....###.#
.......##.# #
#...?.#.# ###. ###.
##..#.##.###.....
....#####..#.r##@S..#
#.......#..#...#rr.##
...........#.#(.h..#
...........#.##h#..#
............g##....#
.........#.##..#####
.........### .>#
.........# ##!.
..>......# #.


You could see 2 quokkas, 2 jackals and a ball python.


Message History

😨 HP[+1]
An adder comes into view.
The adder hisses angrily.
You aren't carrying any potions.
Unknown command. 😨 HP[+1] 😨 HP[+1]
Found a stone staircase leading up.
There is a stone staircase leading up here. 😨 HP[+1]
The adder barely misses you. The adder bites you.
* * * LOW HITPOINT WARNING * * *
You climb upwards.
Found a stone staircase leading down.
There is a stone staircase leading down here. 😨 HP[-1]
You take 1 damage, and now have 13/39 hp.
Unknown command.
Unknown command.
You barely miss the adder. The adder bites you.
* * * LOW HITPOINT WARNING * * *
😨 HP[-1]
You take 1 damage, and now have 12/39 hp.
You aren't carrying any potions.
Unknown command.
Okay, then.
You hit the adder but do no damage. The adder barely misses you.
The adder bites you.
* * * LOW HITPOINT WARNING * * *
You are poisoned.
The adder poisons you! 😱 HP[-4]
You take 4 damage, and now have 8/39 hp.
Unknown command.
You aren't carrying any potions.
Okay, then.
Okay, then.
You closely miss the adder.
You feel sick. The adder bites you.
* * * LOW HITPOINT WARNING * * *
😱 HP[-4]
You take 4 damage, and now have 4/39 hp.
Unknown command.
Unknown command.
Unknown command.
You barely miss the adder.
You feel sick. The adder barely misses you.
The adder closely misses you. 😱 HP[-1]
You take 1 damage, and now have 3/39 hp.
Unknown command.
Unknown command.
You feel sick.
You feel sick.
You are no longer poisoned. 😱 HP[-1]
You take 1 damage, and now have 2/39 hp.
You slash the adder! The adder barely misses you.
The quokka bites you but does no damage.
The adder bites you but does no damage.
Unknown command.
You hit the adder.
You kill the adder!
The quokka closely misses you.
Unknown command.
Unknown command.
The quokka closely misses you.
The quokka bites you but does no damage. 😱 HP[+1]
The quokka bites you but does no damage.
A ball python and a quokka come into view.
A jackal comes into view.
Found a purple potion.
Found a stone staircase leading down.
The quokka bites you but does no damage.
You see here a scroll of fog. 😱 HP[+1]
A goblin comes into view. It is wielding a +0 dagger.
The goblin shouts!
The quokka barely misses you.
A ball python comes into view.
The ball python hisses angrily.
A jackal comes into view. x2
The jackal moves out of view.
You aren't carrying any potions.
Unknown command.
Okay, then.
Okay, then.
The jackal barks!
The quokka bites you but does no damage.
You hit the quokka. The quokka barely misses you. The ball python bites you.
* * * LOW HITPOINT WARNING * * *
The ball python grabs you.
The ball python constricts you. 😱 HP[-1]
You take 1 damage, and now have 3/39 hp.
Unknown command.
Okay, then.
Aiming: Dig
Press: ? - help, Shift-Dir - straight line A rock wall.
The rock shatters into small pieces.
The quokka bites you.
You die...

Skill      XL: |  1 |
---------------+----+-----
Fighting       | 5 |  5.5
Long Blades    | |  1.7
Dodging        | |  1.7
Stealth        | |  4.5

Action                   |  1- 3 |  4- 6 || total
-------------------------+-------+-------++-------
Melee: Falchion          |    15 |    23 ||    38
Evoke: Wand              |       |     1 ||     1
  Use: Scroll            |     3 |       ||     3
       Potion            |     1 |       ||     1
Armor: Leather armour    |     1 |     8 ||     9
Dodge: Dodged            |    17 |    15 ||    32

Levels and vault maps discovered:
D:2:      layout_rooms, st_stairs_7
D:3:      layout_loops_ring, chequers_serial_rivers_small_a,
          uniq_crazy_yiuf_cottage
D:4:      old_forge, layout_basic, uniq_eustachio
D:5:      layout_basic, minmay_temple_entry_tees

Notes
Turn   | Place    | Note
-------+----------+-------------------------------------------
     0 | D:5      | spaghetti the Demonspawn Delver began the quest for the
                  | Orb.
     0 | D:5      | Reached XP level 1. HP: 18/18 MP: 1/1
     0 | D:5      | magus.rc [v1.9.6]
    22 | D:5      | Noticed an ogre
    60 | D:4      | Noticed a scorpion
    65 | D:4      | Noticed a scorpion
    91 | D:4      | HP: 4/18 [poisoned by a scorpion]
   467 | D:3      | Noticed a phantom
   477 | D:3      | Killed a phantom
   478 | D:3      | Reached skill level 5 in Fighting
   478 | D:3      | Gained mutation: You are partially covered in razor-sharp
                  | scales. (AC +1, Slay +1) [demonic ancestry]
   478 | D:3      | Reached XP level 2. HP: 8/27 MP: 2/2
   478 | D:3      | Reached XP level 3. HP: 10/33 MP: 3/3
   478 | D:3      | Reached XP level 4. HP: 12/39 MP: 4/4
   620 | D:3      | HP: 6/39 [orc (5)]
   684 | D:2      | HP: 8/39 [adder (4)]
   686 | D:2      | HP: 3/39 [poisoned by an adder]
   709 | D:2      | HP: 3/39 [ball python (1)]
   710 | D:2      | Slain by a quokka

Vanquished Creatures
  A phantom (D:3)
  An orc priest (D:3)
  An adder (D:2)
  2 orcs
  A bat (D:4)
  A kobold (D:3)
7 creatures vanquished.

Vanquished Creatures (others)
  17 fungi (D:4)
17 creatures vanquished.

Grand Total: 24 creatures vanquished

Table legend:
 A = Non-vault XP
 B = Vault XP
 C = Vault XP percentage of total XP
 D = Non-vault monster count
 E = Vault monster count
 F = Vault count percentage of total count
                 A         B        C        D         E       F
            +---------+---------+-------+---------+---------+-------
      Total |     166 |       2 |   1.2 |       6 |       1 |  14.3
            +---------+---------+-------+---------+---------+-------
        D:2 |      13 |       0 |   0.0 |       1 |       0 |   0.0
        D:3 |     150 |       0 |   0.0 |       4 |       0 |   0.0
        D:4 |       3 |       2 |  40.0 |       1 |       1 |  50.0
            +---------+---------+-------+---------+---------+-------

Illustrated notes

Table legend:
 A = Kills in this place as a percentage of kills in entire the game.
 B = Kills by you in this place as a percentage of kills by you in the entire game.
 C = Kills by friends in this place as a percentage of kills by friends in the entire game.
 D = Other kills in this place as a percentage of other kills in the entire game.
 E = Experience gained in this place as a percentage of experience gained in the entire game.
 F = Experience gained in this place divided by the number of levels of this place that you have seen.
                   A       B       C       D       E      F
               +-------+-------+-------+-------+-------+----------------------
         Total | 100.0 | 100.0 |   N/A |   N/A | 100.0 |  42.0
       Dungeon | 100.0 | 100.0 |   N/A |   N/A | 100.0 |  42.0
               +-------+-------+-------+-------+-------+----------------------

Table legend: (Time is in decaauts)
 A = Elapsed time spent in this place.
 B = Non-inter-level travel time spent in this place.
 C = Inter-level travel time spent in this place.
 D = Time resting spent in this place.
 E = Time spent auto-exploring this place.
 F = Levels seen in this place.
 G = Mean time per level.
                   A        B        C        D        E       F      G
               +--------+--------+--------+--------+--------+-----+--------+
         Total |    698 |    690 |      8 |    356 |    140 |   4 |  174.5 |
       Dungeon |    698 |    690 |      8 |    356 |    140 |   4 |  174.5 |
               +--------+--------+--------+--------+--------+-----+--------+

Top non-repeatable levels by time:
     D:4: 331 daAuts
     D:3: 310 daAuts
     D:2: 29 daAuts
     D:5: 27 daAuts
